 Dungeon Crawl Stone Soup version 0.14-a0-155-gd989017 (webtiles) character file.

2169 PolkaDot the Ruffian (level 8, -17/79 HPs)
             Began as a Troll Death Knight on Oct 4, 2013.
             Was an Elder of Yredelemnul.
             Demolished by a large abomination (33 damage)
             ... on Level 1 of the Abyss.
             The game lasted 00:23:44 (5262 turns).

PolkaDot the Ruffian (Troll Death Knight)           Turns: 5262, Time: 00:23:44

HP -17/79        AC  7     Str 22      XL: 8   Next: 91%
MP  11/11        EV  9     Int 10      God: Yredelemnul [****..]
Gold 289         SH  0     Dex 11      Spells:  0 memorised,  7 levels left

Res.Fire  : . . .   See Invis. : .     - Unarmed
Res.Cold  : . . .   Warding    : .   b - +1 robe
Life Prot.: + . .   Conserve   : +   (shield restricted)
Res.Poison: .       Res.Corr.  : +   (helmet restricted)
Res.Elec. : .       Clarity    : .   d - +0 cloak {rCorr, Cons}
Sust.Abil.: . .     Spirit.Shd : .   (gloves unavailable)
Res.Mut.  : .       Stasis     : .   (boots unavailable)
Res.Rott. : .       Flight     : .   (no amulet)
Gourmand  : +                        e - cursed ring of positive energy
                                     r - +3 ring of intelligence

@: about to teleport, slightly resistant to hostile enchantments, unstealthy
A: unfitting armour, claws 3, fast metabolism 3, gourmand, regeneration 2,
saprovore 2, tough skin 2, AC +1
a: Animate Dead, Recall Undead Slaves, Injury Mirror, Drain Life, Renounce
Religion


You were on level 1 of the Abyss.
You worshipped Yredelemnul.
Yredelemnul was greatly pleased with you.
You were full.

You visited 1 branch of the dungeon, and saw 8 of its levels.
You visited the Abyss 1 time.

You collected 381 gold pieces.
You spent 112 gold pieces at shops.

Inventory:

Armour
 b - a +1 robe (worn)
 d - a +0 cloak of preservation (worn)
Magical devices
 p - a wand of random effects (10)
 C - a wand of slowing (8) {unknown}
Comestibles
 a - 3 meat rations
 h - a choko
 o - 4 bread rations
 z - 2 rambutans
Scrolls
 c - a scroll of blinking
 f - 4 scrolls of recharging {unknown}
 g - 5 scrolls of identify
 j - 5 scrolls of remove curse
 k - a scroll of magic mapping
 q - a scroll of enchant weapon II
 s - 2 scrolls of fog
 x - a scroll of enchant weapon I
 B - 2 scrolls of curse weapon {unknown}
Jewellery
 e - a cursed ring of positive energy (right claw)
 m - an uncursed ring of ice
 r - a +3 ring of intelligence (left claw)
 t - a cursed ring of teleportation
 u - an uncursed amulet of guardian spirit {unknown}
Potions
 i - 2 potions of restore abilities
 n - 3 potions of magic
 v - 2 potions of curing
 w - a potion of might
Books
 y - a book of Flames

   Spells                             Type                      Level
   Flame Tongue                       Conjuration/Fire             1
   Throw Flame                        Conjuration/Fire             2
   Conjure Flame                      Conjuration/Fire             3
   Inner Flame                        Hexes/Fire                   3
   Sticky Flame                       Conjuration/Fire             4
   Fireball                           Conjuration/Fire             5


   Skills:
 * Level 6.3 Fighting
 - Level 1.2 Dodging
 * Level 7.6 Unarmed Combat
 + Level 5.2 Invocations


You had 7 spell levels left.
You didn't know any spells.

Dungeon Overview and Level Annotations

Branches:
Dungeon (8/27)             Temple (0/1) D:5
    Orc: D:6-11        Lair: D:8-13

Altars:
Nemelex Xobeh

Shops:
D:7 ?

Annotations:
D:8 Psyche


Innate Abilities, Weirdness & Mutations

You are too large for most types of armour.
You have claws for hands.
Your metabolism is lightning-fast.
You like to eat raw meat.
You heal very quickly.
You can eat rotten meat.
You are covered in fur (AC +1).
You have very tough skin (AC +2).


Message History

Okay, then.
Okay, then.
A small abomination comes into view.
A large abomination comes into view.
Read which item? (? for menu, Esc to quit)
As you read the scroll of teleportation, it crumbles to dust.
You feel strangely unstable.
You feel the power of the Abyss delaying your translocation.
A hellion comes into view.
Press: ? - help, v - describe, . - travel
Here: a large abomination The floor.
The large abomination hits you!
* * * LOW HITPOINT WARNING * * *
Drink which item? (? for menu, Esc to quit)
You feel much better. The large abomination hits you!
* * * LOW HITPOINT WARNING * * *
The large abomination hits you!
You die...
Your body rises from the dead as a mindless zombie.

# .# # # ### .
...##. #. # #ยง####
.....##.###..#...
##.##...2.....##
.###...#..##...#.#
........##...#.#..#
#@X##.# x#......#
#.#.###.##....#.#
###.#.#. ##.2. .2
#.#.### .##. #
..#.. .# #.. .#####
.. # ## ##


You could see a large abomination.

Vanquished Creatures
  The ghost of Csabeeboy the Covered, an average DjWr (D:4)
  Menkaure (D:6)
  A phantom (D:5)
  An ogre (D:6)
  2 ice beasts (D:8)
  A centaur (D:5)
  A hill giant simulacrum (D:8)
  The ghost of PolkaDot the Ruffian, a weakling TrDK of Yredelemnul (D:3)
  4 crimson imps
  A goliath beetle (D:6)
  2 hounds
  Crazy Yiuf (D:3)
  3 orc priests
  8 orc wizards
  3 worker ants
  2 worker ant zombies
  4 gnolls (D:6)
  10 adders
  An inept item mimic (D:4)
  4 worms
  A scorpion zombie (D:8)
  2 giant eyeballs
  6 giant geckos
  An ooze (D:5)
  23 orcs
  A bat skeleton (D:4)
  4 giant cockroaches
  5 goblins
  10 hobgoblins
  4 jackals (D:7)
  12 kobolds
  2 quokkas (D:3)
  3 ball pythons
  13 bats
  3 giant newts
  A goblin skeleton (D:4)
  A jackal zombie (D:6)
  An orc skeleton (D:4)
  11 rats
  A rat skeleton (D:4)
  A fungus (D:3)
158 creatures vanquished.

Vanquished Creatures (collateral kills)
  A centaur (D:7)
  A crimson imp (D:6)
  A hound (D:5)
  An orc priest (D:6)
  A bat skeleton (D:4)
  A giant cockroach (D:5)
  A bat (D:5)
  2 butterflies (D:5)
9 creatures vanquished.

Vanquished Creatures (others)
  A bat zombie (D:5)
1 creature vanquished.

Grand Total: 168 creatures vanquished

Notes
Turn   | Place    | Note
--------------------------------------------------------------
     0 | D:1      | PolkaDot, the Troll Death Knight, began the quest for the Orb.
     0 | D:1      | Reached XP level 1. HP: 20/20 MP: 2/2
   179 | D:1      | Reached XP level 2. HP: 28/28 MP: 2/2
   869 | D:2      | Found a sparkling altar of Nemelex Xobeh.
   914 | D:2      | Reached XP level 3. HP: 30/35 MP: 4/4
   980 | D:2      | Reached skill level 3 in Unarmed Combat
  1072 | D:2      | Acquired Yredelemnul's second power
  1138 | D:2      | Reached XP level 4. HP: 41/44 MP: 4/4
  1447 | D:3      | Noticed PolkaDot's ghost (weakling TrDK)
  1466 | D:3      | Killed PolkaDot's ghost
  1466 | D:3      | Reached XP level 5. HP: 34/50 MP: 5/5
  1653 | D:3      | Reached skill level 4 in Unarmed Combat
  2129 | D:3      | Noticed Crazy Yiuf
  2143 | D:3      | Killed Crazy Yiuf
  2156 | D:3      | Identified a +0 cloak of preservation (You took it off Crazy Yiuf on level 3 of the Dungeon)
  2298 | D:4      | Noticed Csabeeboy's ghost (average DjWr)
  2313 | D:4      | Killed Csabeeboy's ghost
  2313 | D:4      | Reached XP level 6. HP: 55/59 MP: 7/7
  2362 | D:4      | Reached skill level 5 in Unarmed Combat
  2459 | D:4      | Acquired Yredelemnul's third power
  2482 | D:4      | Paralysed by a giant eyeball for 2 turns
  2839 | D:5      | Entered Level 5 of the Dungeon
  2844 | D:5      | Reached XP level 7. HP: 67/67 MP: 8/8
  2944 | D:5      | Found a staircase to the Ecumenical Temple.
  2997 | D:5      | Reached skill level 6 in Unarmed Combat
  3275 | D:5      | Reached skill level 5 in Fighting
  3453 | D:5      | Acquired Yredelemnul's fourth power
  3586 | D:6      | Paralysed by a giant eyeball for 2 turns
  3589 | D:6      | Paralysed by a giant eyeball for 3 turns
  3608 | D:6      | Reached XP level 8. HP: 69/78 MP: 9/9
  3813 | D:6      | Noticed Menkaure
  3823 | D:6      | Killed Menkaure
  3953 | D:6      | Received a gift from Yredelemnul
  4060 | D:6      | Reached skill level 7 in Unarmed Combat
  4295 | D:7      | Found Wamillai's Magic Scroll Shop.
  4332 | D:7      | Reached skill level 5 in Invocations
  4351 | D:7      | Bought a scroll of identify for 28 gold pieces
  4351 | D:7      | Bought a scroll of identify for 28 gold pieces
  4351 | D:7      | Bought a scroll of curse armour for 28 gold pieces
  4351 | D:7      | Bought a scroll of identify for 28 gold pieces
  5189 | D:8      | Noticed Psyche
  5206 | D:8      | Cast into the Abyss (Psyche)
  5207 | Abyss:1  | Found a corrupted altar of Lugonu.
  5232 | Abyss:1  | Found a viscous altar of Jiyva.
  5232 | Abyss:1  | Noticed a thrashing horror
  5250 | Abyss:1  | Noticed a large abomination
  5251 | Abyss:1  | Noticed a hellion
  5262 | Abyss:1  | Demolished by a large abomination

Action                   |  1- 3 |  4- 6 |  7- 9 || total
-------------------------+-------+-------+-------++-------
Melee: Unarmed           |    97 |   169 |   257 ||   523
Invok: Animate Remains   |       |     1 |       ||     1
       Animate Dead      |       |     4 |    18 ||    22
Evoke: Wand              |       |       |     1 ||     1
  Use: Scroll            |       |    12 |     8 ||    20
       Potion            |       |     9 |     3 ||    12
 Stab: Sleeping          |     1 |       |       ||     1
       Invisible         |       |     1 |       ||     1
